 Dungeon Crawl Stone Soup version bcrawl-1.31.4 (webtiles) character file.

Game seed: 2024361643332878223

108771 Morbidden the Ducker (level 4, -11/42 HPs)
             Began as an Ogre Archaeologist on June 19, 2021.
             Was an Initiate of Vehumet.
             Shot with an arrow by a centaur (16 damage)
             ... on level 3 of the Dungeon.
             The game lasted 00:02:21 (1844 turns).

Morbidden the Ducker (Ogre Archaeologist)           Turns: 1844, Time: 00:02:22

Health: -11/42     AC:  5    Str: 16    XL:     4   Next: 3%
Magic:  4/4        EV: 10    Int: 15    God:    Vehumet [......]
Gold:   163        SH:  0    Dex:  7    Spells: 3/3 levels left

rFire    . . .     SeeInvis .   a - +0 whip
rCold    . . .     Gourm    .   (no shield)
rNeg     . . .     Faith    .   c - +1 robe
rPois    .         Spirit   .   d - +1 hat
rElec    .         Reflect  .   (no cloak)
rCorr    .         Harm     .   (gloves unavailable)
MR       .....                  (boots unavailable)
Stlth    ++........             (no amulet)
HPRegen  0.14/turn              (no ring)
MPRegen  0.09/turn              (no ring)

@: no status effects
A: large, unfitting armour, tough skin 1
a: Renounce Religion


You were on level 3 of the Dungeon.
You worshipped Vehumet.
Vehumet was noncommittal.
You were not hungry.

You visited 1 branch of the dungeon, and saw 3 of its levels.

You collected 163 gold pieces.

Inventory:

Hand Weapons
 a - a +0 whip (weapon)
 b - a +0 blowgun
Missiles
 f - 6 curare-tipped needles
 m - 220 sling bullets
 n - 352 stones (quivered)
Armour
 c - a +1 robe (worn)
 d - a +1 hat (worn)
 j - a +1 robe
Jewellery
 l - an uncursed amulet of magic regeneration {unknown}
Scrolls
 g - a scroll of magic mapping
 i - 3 scrolls of identify
 k - a scroll of teleportation {unknown}
 o - 2 scrolls of remove curse {unknown}
Potions
 p - a potion of invisibility {unknown}
 q - a potion of degeneration {unknown}
 s - a potion of flight {unknown}
 t - a potion of lignification {unknown}
Miscellaneous
 h - a dusty tome
Comestibles
 e - 3 rations {!d}


   Skills:
 + Level 2.2 Fighting
 + Level 2.5 Maces & Flails
 + Level 3.2 Dodging
 + Level 2.9 Stealth


You had 3 spell levels left.
You didn't know any spells.
Your spell library was empty.

Dungeon Overview and Level Annotations

Branches:
Dungeon (3/12)

Altars:
Vehumet


Innate Abilities, Weirdness & Mutations

You are too large for most types of armour.
You have tough skin. (AC +1)


Message History

The gnoll shaman hits you with a +0 club!
* * * LOW HITPOINT WARNING * * *
You hit the gnoll shaman.
The gnoll shaman is heavily wounded.
The gnoll shaman hits you with a +0 club.
* * * LOW HITPOINT WARNING * * *
Unknown command.
You are no longer glowing.
A kobold comes into view. It is wielding a +0 dagger.
The gnoll shaman prays to its god.
The gnoll shaman is healed somewhat.
Found 4 gold pieces.
Found a stone staircase leading up.
An adder and a centaur come into view.
You have encountered a dangerous foe!
The kobold shouts!
The centaur wields a +0 shortbow.
The centaur shoots an arrow.
The arrow closely misses you.
The kobold throws a stone.
The stone hits you but does no damage.
The centaur shoots an arrow.
The arrow hits you!
You die...

#.# .# ## ##
#.##.#...
##[.#.##.#..# #
#)..#.##.#..# c#
#...^..#(.## ...
#.##.#.#....... .S
).......w..#..##.#.<#
#.###.###..#......K.#
#(.....##@##.#.##
######.##........
#g........$.
#######.##.# ... .#..
. . ##


You could see a centaur, an adder (wandering) and a kobold.

Vanquished Creatures
  2 oozes (D:1)
  A worm (D:2)
  A dart slug (D:1)
  6 leopard geckos
  A giant cockroach (D:1)
  4 hobgoblins
  4 jackals (D:1)
  3 frilled lizards
  5 goblins (D:2)
  7 kobolds
  7 rats
41 creatures vanquished.

Notes
Turn   | Place    | Note
-------+----------+-------------------------------------------
     0 | D:1      | Morbidden the Ogre Archaeologist began the quest for the
                  | Orb.
     0 | D:1      | Reached XP level 1. HP: 19/19 MP: 1/1
    91 | D:1      | Reached XP level 2. HP: 24/28 MP: 2/2
   255 | D:1      | Reached skill level 3 in Dodging
   775 | D:1      | Reached XP level 3. HP: 35/35 MP: 3/3
  1536 | D:2      | Found a faded altar of an unknown god.
  1563 | D:2      | Reached XP level 4. HP: 41/42 MP: 4/4
  1639 | D:2      | Found a radiant altar of Vehumet.
  1673 | D:2      | Became a worshipper of Vehumet
  1844 | D:3      | Noticed a centaur
  1844 | D:3      | Shot with an arrow by a centaur

Skill      XL: |  1  2  3 |
---------------+----------+-----
Dodging        | 3 |  3.2
Fighting       | 2 |  2.2
Maces & Flails | 2 |  2.5
Stealth        | |  2.9

Action                   |  1- 3 |  4- 6 || total
-------------------------+-------+-------++-------
Melee: Whip              |   200 |    14 ||   214
Throw: Stone             |     2 |       ||     2
 Stab: Sleeping          |     4 |     2 ||     6
  Eat: Chunk             |     8 |     1 ||     9
Armor: Robe              |    70 |     4 ||    74
Dodge: Dodged            |   111 |     3 ||   114
